Map: New Repugnancy LE

Players

DarwinAwdWnr - Winner!

  • Race: Zerg Zerg
  • League: Platinum
  • Spawn Location: 7:00

greenTree

  • Race: Terran Terran
  • League: Platinum
  • Spawn Location: 1:00

VOD

Have the link to the VOD?

Description

Time

  • Played on: June 29, 2019, 4:56 p.m.
  • Length: 12:29
Show
View Real Time Build Order
Export as new Build Order

DarwinAwdWnr Zerg - Winner!

Build Orders: Hatch First 

Get SALT Encoding   

  12  0:01  Drone  
  13  0:08  Drone  
  14  0:17  Overlord  
  14  0:35  Drone x2  
  16  0:51  Hatchery  
  16  0:52  Drone  
  16  0:58  Drone  
  17  1:06  Extractor  
  16  1:15  Spawning Pool  
  16  1:16  Drone  
  16  1:19  Drone  
  17  1:36  Drone x2  
  19  2:05  Zergling x8, Spine Crawler  
  19  2:06  Spine Crawler  
  21  2:14  Zergling x2  
  22  2:15  Queen  
  24  2:28  Queen  
  26  2:40  Zergling x4  
  26  2:42  Metabolic Boost  
  26  3:19  Drone  
  27  3:20  Drone  
  27  3:21  Drone  
  22  3:37  Drone  
  22  3:38  Drone x5  
  22  3:39  Overlord x3  
  28  3:59  Hatchery  
  27  4:07  Drone x2  
  27  4:08  Drone  
  30  4:15  Queen  
  32  4:24  Drone x4  
  36  4:40  Drone x5  
  41  4:49  Lair  
  41  4:59  Extractor  
  40  5:09  Extractor  
  40  5:10  Extractor  
  38  5:16  Roach Warren  
  37  5:24  Queen  
  37  5:25  Queen  
  41  5:29  Drone x4  
  41  5:30  Drone x9  
  54  5:52  Nydus Network  
  54  5:56  Spore Crawler  
  50  6:00  Roach x5  
  50  6:03  Overseer  
  54  6:12  Roach x2  
  54  6:14  Overlord x3  
  58  6:20  Spore Crawler  
  55  6:36  Roach x3  
  55  6:37  Roach  
  63  6:46  Nydus Canal  
  63  6:49  Roach  
  63  6:50  Roach x2  
  69  6:57  Roach x2  
  73  7:15  Nydus Canal  
  73  7:22  Ravager x3  
  76  7:24  Overlord x2  
  76  7:25  Overlord  
  76  7:39  Nydus Canal  
  76  7:42  Queen  
  76  7:44  Roach x5  
  86  7:45  Roach  
  69  8:34  Roach x11  
  87  8:43  Roach x2  
  85  8:50  Spire  
  68  9:36  Hatchery  
  67  9:45  Overlord x2  
  67  10:03  Mutalisk x8  
  83  10:20  Mutalisk  
  85  10:22  Overlord x3  
  83  10:42  Overseer x2  
  83  10:56  Queen x2  
  87  10:57  Drone  
  87  10:58  Drone x3  
  91  11:15  Nydus Canal  
  91  11:30  Drone x6  
  91  11:31  Drone x3  
  90  11:57  Mutalisk x5  
  80  12:15  Drone x6  
Show
View Real Time Build Order
Export as new Build Order

greenTree Terran 

Build Orders:  

Get SALT Encoding   

  12  0:01  SCV  
  13  0:13  SCV  
  14  0:28  Supply Depot  
  14  0:29  SCV  
  15  0:53  Barracks  
  15  0:54  Barracks  
  15  1:00  SCV  
  16  1:04  Refinery  
  16  1:12  SCV  
  17  1:41  Marine x2  
  19  1:49  Bunker  
  19  1:52  Bunker  
  19  1:57  Bunker  
  19  2:00  Marine x2  
  21  2:01  SCV  
  22  2:14  SCV  
  23  2:23  Refinery  
  23  2:25  Supply Depot  
  23  2:46  Marine  
  23  2:47  Engineering Bay, Marine  
  23  2:50  Factory  
  25  3:04  Marine x2  
  19  3:45  Starport  
  19  3:46  Factory Tech Lab  
  19  3:50  SCV  
  19  3:51  Command Center  
  20  4:21  Factory Reactor  
  20  4:32  Orbital Command  
  20  4:36  Banshee  
  20  4:37  Cloaking Field  
  23  4:58  Hellion x2  
  27  5:00  SCV  
  27  5:05  Marine  
  29  5:18  Banshee  
  32  5:26  Hellion  
  36  5:28  Hellion  
  36  5:38  SCV  
  36  5:41  Bunker  
  36  5:42  SCV  
  38  6:24  Hellion x2  
  38  6:25  Banshee  
  45  6:27  SCV  
  46  6:45  Supply Depot  
  46  7:06  SCV  
  46  7:07  SCV  
  48  7:16  Supply Depot  
  48  7:19  SCV x2  
  51  7:38  Viking  
  51  7:39  Widow Mine x2  
  51  7:41  Orbital Command  
  51  7:42  SCV  
  57  7:44  Refinery  
  57  7:46  Refinery  
  57  7:54  SCV  
  55  8:06  SCV  
  53  8:18  SCV  
  50  8:41  Banshee  
  38  8:55  Supply Depot  
  38  9:02  SCV  
  37  9:13  Orbital Command  
  37  9:14  SCV  
  38  9:17  Hellion x2  
  38  9:23  Banshee  
  45  9:34  SCV  
  46  9:47  Missile Turret  
  46  9:56  SCV  
  46  9:57  Hellion x2, Supply Depot  
  46  9:58  Supply Depot  
  51  10:05  Supply Depot  
  51  10:08  SCV  
  51  10:12  SCV  
  53  10:14  Hyperflight Rotors  
  53  10:15  Marine  
  53  10:19  Hellion, Marine  
  53  10:21  SCV  
  58  10:23  Starport  
  58  10:25  Starport  
  58  10:44  Marine x2  
  58  10:46  Widow Mine x2  
  64  10:56  Missile Turret, SCV x2  
  66  11:02  Missile Turret  
  66  11:03  Missile Turret  
  66  11:08  SCV x2  
  66  11:20  SCV  
  67  11:27  Viking x2  
  55  11:53  Viking  
  47  11:57  Viking x2  
Tags
 
Matchup
TvZ
Replay Pack
10.7.19
Spawn Locations
Cross Positions
Add a new tag
Caveats
  • Supply blocks, unpowered buildings, or Contaminate may cause inaccurate times.
  • Supply counts are checked every 10 seconds.